 Dungeon Crawl Stone Soup version 0.29-a0-284-gf9362112df (webtiles) character file.

Game seed: 11148062287075427569

54 garrulousMonolith the Magician (level 3, 0/22 HPs)
             Began as an Octopode Hedge Wizard on Mar 24, 2022.
             Slain by an adder (3 damage)
             ... on level 2 of the Dungeon.
             The game lasted 00:02:56 (2187 turns).

garrulousMonolith the Magician (OpWz)               Turns: 2187, Time: 00:02:57

Health: 0/22       AC:  1    Str:  9    XL:     3   Next: 91%
Magic:  1/7        EV: 13    Int: 16    God:
Gold:   114        SH:  0    Dex: 13    Spells: 3/8 levels left

rFire   . . .      SeeInvis .   a - +0 dagger
rCold   . . .      Faith    .   (no shield)
rNeg    . . .      Spirit   .   b - +0 hat
rPois   .          Reflect  .   (no amulet)
rElec   .          Harm     .   o - +4 ring of slaying
rCorr   .          Rampage  .   q - ring of wizardry
Will    .....                   (no ring)
Stlth   +++.......              (no ring)
HPRegen 0.07/turn               (no ring)
MPRegen 0.10/turn               (no ring)
                                (no ring)
                                (no ring)

@: lethally poisoned (0 -> -4), flying
A: almost no armour, amphibious, 8 rings, camouflage 1, gelatinous body 1,
(nimble swimmer 1), tentacles
a: no special abilities


You were on level 2 of the Dungeon.
You visited 1 branch of the dungeon, and saw 2 of its levels.

You collected 114 gold pieces.

Inventory:

Hand Weapons
 a - a +0 dagger (weapon)
 f - a +0 hand crossbow
Missiles
 i - 37 stones
 n - 4 throwing nets
 w - 4 poisoned darts (quivered)
Armour
 b - a +0 hat (worn)
Jewellery
 o - a +4 ring of slaying (left tentacle)
 q - a ring of wizardry (right tentacle)
Wands
 v - a wand of iceblast (6)
Scrolls
 d - 3 scrolls of immolation {unknown}
 h - 4 scrolls of identify {unknown}
 k - a scroll of amnesia {unknown}
 l - a scroll of summoning {unknown}
 p - a scroll of noise {unknown}
 r - a scroll of enchant weapon {unknown}
 t - a scroll of fog {unknown}
 u - a scroll of magic mapping {unknown}
Potions
 c - a potion of magic
 e - a potion of flight
 g - a potion of attraction {unknown}
 j - a potion of degeneration {unknown}
 m - 2 potions of curing {unknown}
 s - a potion of cancellation {unknown}
 x - a potion of heal wounds {unknown}
 z - a potion of ambrosia {unknown}


   Skills:
 + Level 0.8 Fighting
 + Level 2.2 Dodging
 - Level 2.6 Stealth
 + Level 3.2 Spellcasting
 * Level 2.0 Conjurations
 * Level 2.2 Summonings
 - Level 1.0 Translocations


You had 3 spell levels left.
You knew the following spells:

 Your Spells              Type           Power      Damage    Failure   Level
a - Magic Dart            Conj           36%        1d4       3%          1
b - Call Imp              Summ           9%         N/A       4%          2
c - Blink                 Tloc           10%        N/A       8%          2

Your spell library contained the following spells:

 Spells                   Type           Power      Damage    Failure   Level
 Slow                     Hex            8%         N/A       8%          1
 Conjure Flame            Conj/Fire      5%         6-21      16%         3
 Mephitic Cloud           Conj/Pois/Air  4%         N/A       16%         3
 Ozocubu's Armour         Ice            2%         N/A       22%         3
 Metabolic Englaciation   Hex/Ice        1%         N/A       87%         5
 Simulacrum               Ice/Necr       1%         N/A       100%        6


Dungeon Overview and Level Annotations

Branches:
Dungeon (2/15)

Altars:


Innate Abilities, Weirdness & Mutations

You cannot wear most types of armour.
You are amphibious.
You can wear up to eight rings at the same time.
Your skin changes colour to match your surroundings (Stealth+).
Your rubbery body absorbs attacks. (AC +1, EV +1)
((You are camouflaged when in or above water. (Stealth+)))
You have tentacles for arms and can constrict up to eight enemies at once.


Message History

The adder is heavily wounded.
The adder bites you.
You are poisoned.
The adder poisons you! The adder misses you.
The dart slug barely misses your crimson imp.
The adder barely misses you.
Your crimson imp hits the dart slug.
The adder attacks as you move away! The adder bites you.
You feel sick.
The adder barely misses your crimson imp.
The dart slug bites your crimson imp but does no damage.
Your crimson imp hits the dart slug.
The dart slug dies!
Casting: Call Imp (safe; 4% risk of failure)
Confirm with . or Enter, or press ? or * to list all spells.
Aiming: Magic Dart (safe; 3% risk of failure)
Press: ? - help, Shift-Dir - straight line, f/p - adder
Aim: an adder (heavily wounded, ally target, 100% to hit)
The magic dart hits the adder.
The adder is lightly wounded.
You feel sick. The adder closely misses you.
The adder closely misses your crimson imp.
The adder bites you.
* * * LOW HITPOINT WARNING * * *
You are lethally poisoned!
The adder poisons you!
Your crimson imp blinks!
Casting: Magic Dart (safe; 3% risk of failure)
Confirm with . or Enter, or press ? or * to list all spells.
Aiming: Magic Dart (safe; 3% risk of failure)
Press: ? - help, Shift-Dir - straight line, f/p - adder
Aim: an adder (heavily wounded, ally target, 100% to hit)
The magic dart hits the adder.
The adder is lightly wounded.
* * * LOW HITPOINT WARNING * * *
You feel sick. The adder barely misses you.
It was a potion of flight.
You feel very buoyant.
You fly up into the air.
* * * LOW HITPOINT WARNING * * *
You feel sick. The adder closely misses you. The adder bites you.
You die...

#..# .# #. #. .## .
#... ># #.. #.
#####.. #.
##.#.#.####
#.##5#..#....####
#.S@###.#.......###
##S##
#...........## #.##
###..........# ##
#.###.####.. #.#
#...##.. #.#
#....#..
#.###....#..
#..##.......
#..#######..


You could see 2 adders and a friendly crimson imp (summoned).

Vanquished Creatures
  An adder (D:2)
  2 dart slugs (D:1)
  5 ball pythons
  2 endoplasms (D:2)
  A giant cockroach (D:2)
  4 goblins
  5 hobgoblins
  2 jackals (D:1)
  3 kobolds (D:1)
  2 bats (D:2)
  A frilled lizard (D:1)
  10 rats
38 creatures vanquished.

Vanquished Creatures (collateral kills)
  A dart slug (D:2)
1 creature vanquished.

Grand Total: 39 creatures vanquished

Notes
Turn   | Place    | Note
-------+----------+-------------------------------------------
     0 | D:1      | garrulousMonolith the Octopode Hedge Wizard began the quest
                  | for the Orb.
     0 | D:1      | Reached XP level 1. HP: 11/11 MP: 4/4
   463 | D:1      | Reached XP level 2. HP: 17/17 MP: 4/6
   839 | D:1      | Learned a level 2 spell: Call Imp
   842 | D:1      | Learned a level 2 spell: Blink
  1201 | D:1      | Reached XP level 3. HP: 22/22 MP: 0/7
  1725 | D:2      | Found a faded altar of an unknown god.
  2187 | D:2      | Slain by an adder

Illustrated notes

Levels and vault maps discovered:
D:1:      wander_arrival_chamber, layout_basic, minmay_nonomino_d4
D:2:      minmay_recursive_quarters, layout_loops_ring, basic_ecumenical_altar,
          patterned_corridor

Skill      XL: |  1  2  3 |
---------------+----------+-----
Summonings     | 2 |  2.2
Conjurations   | 2 |  2.0
Fighting       | |  0.8
Dodging        | |  2.2
Stealth        | |  2.6
Spellcasting   | |  3.2
Translocations | |  1.0

Action                   || total
-------------------------++-------
Melee: Dagger            ||    18
       Constrict         ||     3
Throw: Stone             ||     5
 Cast: Magic Dart        ||    78
       Call Imp          ||     4
  Use: Potion            ||     1
Armor: Skin              ||     2
Dodge: Dodged            ||    28

Table legend: (Time is in decaauts)
 A = Elapsed time spent in this place.
 B = Non-inter-level travel time spent in this place.
 C = Inter-level travel time spent in this place.
 D = Time resting spent in this place.
 E = Time spent auto-exploring this place.
 F = Levels seen in this place.
 G = Mean time per level.
                   A        B        C        D        E       F      G
               +--------+--------+--------+--------+--------+-----+--------+
         Total |   2186 |   2170 |     16 |    658 |   1241 |   2 | 1093.0 |
       Dungeon |   2186 |   2170 |     16 |    658 |   1241 |   2 | 1093.0 |
               +--------+--------+--------+--------+--------+-----+--------+

Top non-repeatable levels by time:
     D:1: 1500 daAuts
     D:2: 685 daAuts
